 Dungeon Crawl Stone Soup version 0.27-a0-1321-gd358eaa319 (webtiles) character file.

Game seed: 15638066705314273061

72 Ijustatesigmund the Chopper (level 4, -2/39 HPs)
             Began as a Hill Orc Fighter on June 22, 2021.
             Slain by an orc (17 damage)
             ... on level 1 of the Dungeon.
             The game lasted 00:01:42 (1413 turns).

Ijustatesigmund the Chopper (Hill Orc Fighter)      Turns: 1413, Time: 00:01:43

Health: -2/39      AC: 11    Str: 18    XL:     4   Next: 26%
Magic:  4/4        EV:  4    Int:  8    God:
Gold:   11         SH:  9    Dex: 11    Spells: 3/3 levels left

rFire    + . .     SeeInvis .   a - +0 war axe
rCold    . . .     Faith    .   c - +0 kite shield
rNeg     . . .     Spirit   .   b - +2 chain mail {rF+}
rPois    .         Reflect  .   (no helmet)
rElec    .         Harm     .   (no cloak)
rCorr    .         Rampage  .   (no gloves)
Will     .....                  (no boots)
Stlth    ..........             (no amulet)
HPRegen  0.13/turn              (no ring)
MPRegen  0.09/turn              (no ring)

@: no status effects
A: no striking features
a: no special abilities


You were on level 1 of the Dungeon.
You visited 1 branch of the dungeon, and saw 2 of its levels.

You collected 11 gold pieces.

Inventory:

Hand Weapons
 a - a +0 war axe (weapon)
Armour
 b - a +2 chain mail of fire resistance (worn)
 c - a +0 kite shield (worn)
Scrolls
 e - a scroll of vulnerability {unknown}
 h - a scroll of summoning {unknown}
 k - a scroll of holy word {unknown}
Potions
 d - a potion of might
 f - a potion of curing {unknown}
 g - a potion of degeneration {unknown}
 i - 3 potions of heal wounds {unknown}
 j - a potion of mutation {unknown}


   Skills:
 - Level 3.6 Fighting
 + Level 5.9 Axes
 - Level 3.2 Armour
 - Level 3.2 Shields


You had 3 spell levels left.
You didn't know any spells.
Your spell library was empty.

Dungeon Overview and Level Annotations

Branches:
Dungeon (2/15)

Altars:


Message History

You are too injured to fight recklessly!
You are too injured to fight recklessly!
You are too injured to fight recklessly!
You are too injured to fight recklessly!
You are too injured to fight recklessly!
You are too injured to fight recklessly!
You are too injured to fight recklessly!
You are too injured to fight recklessly!
You are too injured to fight recklessly!
You are too injured to fight recklessly!
You are too injured to fight recklessly!
You are too injured to fight recklessly!
You miss the adder. You block the adder's attack.
The adder bites you but does no damage.
You closely miss the adder. The adder barely misses you.
The adder bites you but does no damage.
You hit the adder.
The adder is moderately wounded.
You block the adder's attack. The adder barely misses you.
You slash the adder!
You kill the adder!
You see here an adder corpse.
You start resting.
HP restored.
There is a stone staircase leading down here.
You climb downwards.
The orc hits you but does no damage. x2
You block the orc's attack.
There is a stone staircase leading up here.
The orc hits you but does no damage.
The orc hits you with a +2 flail of distortion.
Space bends around you.
You climb upwards.
There is a stone staircase leading down here.
You barely miss the orc. You hit the orc. The orc completely misses you.
The orc hits you with a +2 flail of distortion.
Space warps horribly around you!
You closely miss the orc. You hit the orc. The orc hits you but does no damage.
The orc hits you with a +2 flail of distortion.
Space warps horribly around you!
You die...

############# ####
##########......#....# #...
#....................# #...
#....................#### #...
#.......................# #...
#.......................# #...
#.......................######
#............o.............#..
#....).......@................
#......####+#o...........#+#.†
#......# #.#.##.............#
###########.......######>....#
##.........#.......#....#.....#
#..................#....#.....#
#...........)...........#.....#
#...........)..........†#......
#####........#.................


You could see 2 orcs.

Vanquished Creatures
  Natasha (D:2)
  An adder (D:1)
  An orc (D:2)
  4 bats (D:1)
  An endoplasm (D:1)
  A giant cockroach (D:2)
  2 goblins (D:1)
  3 hobgoblins
  3 jackals (D:1)
  4 quokkas (D:1)
  3 ball pythons
  2 frilled lizards (D:1)
  5 kobolds (D:1)
  7 rats (D:1)
38 creatures vanquished.

Notes
Turn   | Place    | Note
-------+----------+-------------------------------------------
     0 | D:1      | Ijustatesigmund the Hill Orc Fighter began the quest for
                  | the Orb.
     0 | D:1      | Reached XP level 1. HP: 19/19 MP: 1/1
    31 | D:1      | Reached skill level 3 in Axes
    98 | D:1      | You fall into a shaft and drop 1 floor!
   128 | D:2      | Noticed Natasha
   132 | D:2      | Killed Natasha
   133 | D:2      | Reached skill level 4 in Axes
   133 | D:2      | Reached XP level 2. HP: 14/26 MP: 2/2
   133 | D:2      | Reached XP level 3. HP: 16/31 MP: 3/3
   567 | D:1      | Reached skill level 5 in Axes
   978 | D:1      | Reached XP level 4. HP: 32/39 MP: 4/4
  1413 | D:1      | Slain by an orc

Illustrated notes

Levels and vault maps discovered:
D:1:      lordsloth_arrival_two_stooges, layout_basic
D:2:      layout_basic, basic_altar, serial_shops, nicolae_shop_statue_plus,
          uniq_jessica, uniq_sigmund, uniq_natasha

Skill      XL: |  1  2  3 |
---------------+----------+-----
Axes           | 4 5 |  5.9
Fighting       | |  3.6
Armour         | |  3.2
Shields        | |  3.2

Action                   |  1- 3 |  4- 6 || total
-------------------------+-------+-------++-------
Melee: War axe           |    82 |    31 ||   113
Armor: Scale mail        |    43 |       ||    43
       Chain mail        |       |    20 ||    20
Dodge: Dodged            |    25 |     8 ||    33
Block: Kite shield       |    51 |    21 ||    72

Table legend: (Time is in decaauts)
 A = Elapsed time spent in this place.
 B = Non-inter-level travel time spent in this place.
 C = Inter-level travel time spent in this place.
 D = Time resting spent in this place.
 E = Time spent auto-exploring this place.
 F = Levels seen in this place.
 G = Mean time per level.
                   A        B        C        D        E       F      G
               +--------+--------+--------+--------+--------+-----+--------+
         Total |   1469 |   1455 |     14 |    554 |    617 |   2 |  734.5 |
       Dungeon |   1469 |   1455 |     14 |    554 |    617 |   2 |  734.5 |
               +--------+--------+--------+--------+--------+-----+--------+

Top non-repeatable levels by time:
     D:1: 1411 daAuts
     D:2: 58 daAuts
